 Dungeon Crawl Stone Soup version 0.21.1-1-g345015f (webtiles) character file.

56 inc the Skirmisher (level 3, 0/39 HPs)
             Began as an Ogre Fighter on June 16, 2018.
             Slain by a goblin (1 damage)
             ... led by Robin
             ... on level 2 of the Dungeon.
             The game lasted 00:01:45 (852 turns).

inc the Skirmisher (Ogre Fighter)                    Turns: 852, Time: 00:01:45

Health: 0/39       AC:  3    Str: 25    XL:     3   Next: 97%
Magic:  3/3        EV:  8    Int: 10    God:
Gold:   66         SH:  9    Dex:  8    Spells: 2/2 levels left

rFire    . . .     SeeInvis .   a - +0 flail
rCold    . . .     Gourm    .   c - +0 shield
rNeg     . . .     Faith    .   b - +0 robe
rPois    .         Spirit   .   (helmet restricted)
rElec    .         Reflect  .   (no cloak)
rCorr    .         Harm     .   (gloves unavailable)
MR       .....                  (boots unavailable)
Stlth    +.........             (no amulet)
HPRegen  0.13/turn              (no ring)
MPRegen  0.08/turn              (no ring)

@: mighty, flying
A: large, unfitting armour, tough skin 1
a: no special abilities


You were on level 2 of the Dungeon.
You were not hungry.

You visited 1 branch of the dungeon, and saw 2 of its levels.

You collected 66 gold pieces.

Inventory:

Hand Weapons
 a - a +0 flail (weapon)
Armour
 b - a +0 robe (worn)
 c - a +0 shield (worn)
Scrolls
 g - 2 scrolls of identify {unknown}
 h - a scroll of remove curse {unknown}
 i - a scroll of fear {unknown}
 j - a scroll of blinking {unknown}
 k - a scroll of fog {unknown}
 l - a scroll of enchant weapon {unknown}
Potions
 d - 3 potions of might
Comestibles
 f - 3 rations


   Skills:
 - Level 4.0 Fighting
 + Level 2.8 Maces & Flails
 - Level 2.6 Dodging
 + Level 3.6 Shields


You had 2 spell levels left.
You didn't know any spells.

Dungeon Overview and Level Annotations

Branches:
Dungeon (2/15)

Altars:
Xom

Annotations:
D:2 Terence


Innate Abilities, Weirdness & Mutations

You are too large for most types of armour.
You have tough skin. (AC +1)


Message History

The hobgoblin hits you with a club.
* * * LOW HITPOINT WARNING * * *
Terence drinks a potion.
Terence seems to grow stronger.
Unknown command.
You barely miss the hobgoblin. The hobgoblin closely misses you.
The hobgoblin hits you but does no damage.
Unknown command.
It was a potion of flight.
You feel very buoyant.
You fly up into the air.
You block the goblin's attack. You block the hobgoblin's attack.
You closely miss the goblin. The goblin hits you.
* * * LOW HITPOINT WARNING * * *
You block the hobgoblin's attack.
Unknown command.
You closely miss the goblin. You block the goblin's attack.
The hobgoblin hits you with a club.
* * * LOW HITPOINT WARNING * * *
The goblin hits you.
You die...

#......... ###.
#........####...
#....#..........
#....#..# ##...
#####....##.#####...
..................(.
#######.............
#########.####.####.#.
#..gg@g)..# #.# #.#.
#..@####### #.# #.#.
#...# #.. #.#.
###.######## ##. #.#.
#g....ggg. .. #.#.
#...gg..g. #.
#...g..g.. #....g....
#....[..[.


You could see Terence, 2 hobgoblins and a goblin.

Vanquished Creatures
  Robin (D:2)
  A dart slug (D:1)
  A leopard gecko (D:1)
  2 giant cockroaches
  10 goblins
  10 hobgoblins
  3 kobolds (D:1)
  A ball python (D:1)
  5 bats (D:1)
  3 rats (D:1)
37 creatures vanquished.

Notes
Turn   | Place    | Note
-------+----------+-------------------------------------------
     0 | D:1      | inc the Ogre Fighter began the quest for the Orb.
     0 | D:1      | Reached XP level 1. HP: 24/24 MP: 1/1
   110 | D:1      | Reached XP level 2. HP: 32/32 MP: 2/2
   477 | D:1      | Reached XP level 3. HP: 37/39 MP: 3/3
   546 | D:1      | Found a blossoming altar of Fedhas.
   548 | D:1      | Found a burning altar of Makhleb.
   548 | D:1      | Found a glowing silver altar of Zin.
   550 | D:1      | Found a hazy altar of Hepliaklqana.
   550 | D:1      | Found a shimmering altar of Xom.
   550 | D:1      | Found a hazy altar of Hepliaklqana.
   807 | D:2      | Noticed Robin
   808 | D:2      | Noticed Terence
   846 | D:2      | Killed Robin
   852 | D:2      | HP: 1/39 [hobgoblin/club[Robin] (4)]
   852 | D:2      | Slain by a goblin

Skill      XL: |  1 |
---------------+----+-----
Maces & Flails | 2 |  2.8
Shields        | 3 |  3.6
Fighting       | |  4.0
Dodging        | |  2.6

Action                   || total
-------------------------++-------
Melee: Flail             ||   103
  Use: Potion            ||     2
Armor: Robe              ||    28
Dodge: Dodged            ||    34
Block: Shield            ||    45
